 Dungeon Crawl Stone Soup version 0.28-a0-723-g095bd1b44f (webtiles) character file.

Game seed: 3182398488037394959

9592 flotson the Fighter (level 11, 0/83 (87) HPs)
             Began as a Demonspawn Delver on Oct 25, 2021.
             Was an Initiate of Gozag.
             Slain by a soul eater (13 damage)
             ... summoned by an obsidian statue
             ... on level 9 of the Dungeon.
             The game lasted 00:30:49 (14771 turns).

flotson the Fighter (Demonspawn Delver)            Turns: 14771, Time: 00:30:51

HP:   0/83 (87)     AC: 25    Str: 18      XL:     11   Next: 25%
MP:   11/11         EV: 10    Int: 11 (13) God:    Gozag
Gold: 1096          SH:  4    Dex: 14      Spells: 10/10 levels left

rFire   . . .      SeeInvis .   a - +7 spear "Leph" {freeze, *Noise rElec Str+3}
rCold   + . .      Faith    .   (no shield)
rNeg    . . .      Spirit   .   F - +0 chain mail {Will+}
rPois   +          Reflect  .   K - +1 hat
rElec   +          Harm     .   B - +2 cloak {rPois}
rCorr   .          Rampage  .   r - +2 pair of gloves
Will    +....                   C - +0 pair of boots
Stlth   ..........              J - amulet of the acrobat
HPRegen 0.23/turn               d - ring of protection from cold
MPRegen 0.12/turn               m - ring of flight

@: spiked, flying, mesmerised, hasted, lightly drained, very quick
A: molten scales 1, icemail 1, powered by death 3, condensation shield, weakness
stinger 1
a: Renounce Religion, Potion Petition, Call Merchant, Bribe Branch


You were on level 9 of the Dungeon.
You worshipped Gozag.
Gozag was most pleased with you.
You visited 2 branches of the dungeon, and saw 10 of its levels.
You also visited: Sewer.

You collected 1671 gold pieces.
You spent 527 gold pieces at shops.
You paid 48 gold pieces to Gozag.

Inventory:

Hand Weapons
 a - the +7 spear "Leph" (weapon) {freeze, *Noise rElec Str+3}
   (You bought it in a shop on level 3 of the Dungeon)

   It freezes those it strikes, dealing additional cold damage.
   It can also slow down cold-blooded creatures.
   Str:       It affects your strength (+3).
   rElec:     It insulates you from electricity.
   *Noise:    It may make noises in combat.
 b - a +0 hand crossbow
 i - the +2 shortbow of the Puffball {freeze, +Blink rF++ Will+ Stlth-}
   (You found it on level 9 of the Dungeon)

   Any ammunition fired from it freezes those it strikes, dealing additional
   cold damage.
   It can also slow down cold-blooded creatures.
   rF:        It greatly protects you from fire.
   +Blink:    It lets you blink.
   Will:      It increases your willpower.
   Stlth:     It makes you less stealthy.
 z - a +0 mace of protection
Missiles
 h - 61 poisoned darts (quivered)
 k - 4 boomerangs
 v - a throwing net
 A - 126 bolts
Armour
 l - a +1 scale mail of fire resistance
 r - a +2 pair of gloves (worn)
 B - a +2 cloak of poison resistance (worn)
 C - a +0 pair of boots (worn)
 F - a +0 chain mail of willpower (worn)
 K - a +1 hat (worn)
Jewellery
 d - a ring of protection from cold (left hand)
 m - a ring of flight (right hand)
 y - a ring of resist corrosion
 J - an amulet of the acrobat (around neck)
Wands
 H - a wand of digging (2)
Scrolls
 c - a scroll of fog
 j - a scroll of silence
 n - 2 scrolls of teleportation
 o - a scroll of torment {unknown}
 q - a scroll of acquirement {unknown}
 s - 3 scrolls of enchant weapon
 x - a scroll of enchant armour {unknown}
 D - 3 scrolls of vulnerability
 E - a scroll of fear
 I - a scroll of magic mapping
Potions
 e - 3 potions of berserk rage
 f - 5 potions of curing
 g - 2 potions of flight
 p - 4 potions of might
 t - 4 potions of ambrosia
 w - a potion of haste
 G - a potion of attraction


   Skills:
 + Level 8.7 Fighting
 + Level 7.6 Axes
 + Level 5.0 Crossbows
 - Level 4.0 Throwing
 + Level 7.3 Armour
 + Level 7.6 Dodging
 - Level 4.5 Stealth


You had 10 spell levels left.
You didn't know any spells.
Your spell library was empty.

Dungeon Overview and Level Annotations

Branches:
Dungeon (9/15)             Temple (1/1) D:4            Lair (0/6) D:9
  Sewer (visited)
    Orc: D:9-12

Altars:
Ashenzari
Cheibriados
Dithmenos
Elyvilon
Fedhas
Gozag
Hepliaklqana
Kikubaaqudgha
Makhleb
Nemelex Xobeh
Okawaru
Qazlal
Ru
Sif Muna
Trog
Uskayaw
Vehumet
Wu Jian
Xom
Yredelemnul
Zin
The Shining One

Shops:
D:3 (   D:5 *

Annotations:
D:9 exclusion: obsidian statue


Innate Abilities, Weirdness & Mutations

You are partially covered in molten scales. (AC +2)
A meltable icy envelope protects you from harm. (AC +4)
You regenerate a lot of health from kills.
A meltable shield of frost defends you. (SH +4)
You have a small tail.


Message History

You hit the obsidian statue but do no damage.
The obsidian statue is almost destroyed.
The ufetubus barely misses you. The ufetubus closely misses you.
Unknown command.
You hit the obsidian statue but do no damage.
You tail-slap the obsidian statue, but do no damage.
The obsidian statue is almost destroyed.
The soul eater draws from the surrounding life force!
* * * LOW HITPOINT WARNING * * *
The orange demon stings you but does no damage.
The red devil hits you but does no damage.
The ufetubus hits you but does no damage.
You block the ufetubus's attack. The iron imp closely misses you.
You feel much better. You block the ufetubus's attack.
The ufetubus hits you but does no damage.
The soul eater hits you but does no damage.
You hit the obsidian statue but do no damage.
The obsidian statue is almost destroyed.
The iron imp disappears in a puff of smoke!
You block the orange demon's attack. The red devil barely misses you.
The ufetubus barely misses you. The ufetubus hits you.
* * * LOW HITPOINT WARNING * * *
Unknown command.
You hit the obsidian statue.
The obsidian statue is almost destroyed.
The ufetubus closely misses you. The ufetubus hits you.
* * * LOW HITPOINT WARNING * * *
The soul eater hits you!
* * * LOW HITPOINT WARNING * * *
The orange demon completely misses you.
The red devil hits you but does no damage.
The ufetubus hits you but does no damage.
The ufetubus misses you.
You feel better. The ufetubus misses you. The ufetubus hits you.
* * * LOW HITPOINT WARNING * * *
The ufetubus hits you but does no damage. x2
The obsidian statue's eyes glow briefly.
The soul eater hits you!
You die...
Your body crumbles into a pile of gold.

.........♣..# #####.####...#
P...........# #.......######
....>.......####.###.#.#
............#..........#
............#...≈≈≈....#####
P.♣P....P......##§##.......###
..........♣.#.§#544#≈.####...####
..........#.#.§§5855≈.# ##.....#
........♣##.#.≈#@5.#≈.# #.#.#.#
##.......##.#..##3##..# ##.#.##
#######.##.....≈≈≈...# #.###.#
#.##.#.........# ##.#.##
#...####.##..### #.#.#.#
####.###...### ##.#.## #..###.##
#.###.# #.#.#.## ##.#)## #....##
#.#.#.#


You could see an obsidian statue (mesmerising), a soul eater (summoned), an
orange demon (summoned), a red devil (summoned), a quasit (summoned), a crimson
imp (summoned), a shadow imp (summoned) and 2 ufetubi.

Vanquished Creatures
  A centaur warrior (D:9)
  An ugly thing (D:7)
  A queen bee (D:9)
  2 slime creatures
  Sigmund (D:2)
  3 wyverns
  12 yaks
  Eustachio (D:4)
  2 steam dragons (D:7)
  An acid dragon (D:5)
  4 water moccasins (D:9)
  Edmund (D:4)
  3 orc warriors
  3 ice beasts
  A hornet zombie (D:7)
  3 sky beasts
  A necrophage (D:8)
  3 ogres
  4 centaurs
  5 kobold brigands
  4 bullfrogs
  A scorpion (D:4)
  A wyvern skeleton (D:7)
  2 water moccasin skeletons (D:7)
  17 killer bees (D:9)
  4 wights (D:9)
  6 centaur zombies
  7 jellies
  2 gnoll shamans
  A hound (D:5)
  An orc priest (D:8)
  A centaur skeleton (D:6)
  Jessica (D:3)
  4 iguanas
  6 orc wizards
  A mummy (D:4)
  A howler monkey zombie (D:7)
  Robin (D:3)
  15 gnolls
  8 adders
  3 river rats
  A shadow imp (D:6)
  An ufetubus (D:5)
  2 worms
  5 dart slugs
  14 orcs
  7 endoplasms
  2 giant cockroaches (D:4)
  18 goblins
  11 hobgoblins
  8 jackals
  3 quokkas
  13 ball pythons
  9 bats
  3 frilled lizards
  A goblin zombie (D:4)
  A hobgoblin zombie (D:4)
  28 kobolds
  8 rats
275 creatures vanquished.

Vanquished Creatures (others)
  A sky beast (D:7)
  The ghost of a11behringer the Gusty, an amateur TeAE (D:3)
  A bush (D:9)
  9 fungi
  33 plants
  6 toadstools (D:6)
51 creatures vanquished.

Grand Total: 326 creatures vanquished

Notes
Turn   | Place    | Note
-------+----------+-------------------------------------------
     0 | D:5      | flotson the Demonspawn Delver began the quest for the Orb.
     0 | D:5      | Reached XP level 1. HP: 18/18 MP: 1/1
     4 | D:5      | Found a glowing drain.
    13 | Sewer    | Entered a sewer
    36 | Sewer    | Gained mutation: You regenerate a little health from kills.
                  | [demonic ancestry]
    36 | Sewer    | Reached XP level 2. HP: 3/24 MP: 2/2
   347 | Sewer    | Noticed a kobold brigand
   790 | Sewer    | Killed a kobold brigand
   791 | Sewer    | Reached skill level 1 in Armour
   791 | Sewer    | Gained mutation: A meltable shield of frost defends you.
                  | (SH +4) [demonic ancestry]
   791 | Sewer    | Reached XP level 3. HP: 9/30 MP: 3/3
   791 | Sewer    | Gained mutation: You are partially covered in molten
                  | scales. (AC +2) [demonic ancestry]
   791 | Sewer    | Reached XP level 4. HP: 12/37 MP: 4/4
  1421 | D:3      | Noticed Jessica
  1431 | D:3      | Killed Jessica
  1432 | D:3      | Gained mutation: A meltable icy envelope protects you from
                  | harm. (AC +4) [demonic ancestry]
  1432 | D:3      | Reached XP level 5. HP: 29/42 MP: 5/5
  1539 | D:3      | Noticed Robin
  1555 | D:3      | Killed Robin
  1556 | D:3      | Reached skill level 4 in Fighting
  1767 | D:1      | Found a faded altar of an unknown god.
  2648 | D:2      | Noticed Sigmund
  2655 | D:2      | Killed Sigmund
  2656 | D:2      | Gained mutation: You regenerate health from kills. [demonic
                  | ancestry]
  2656 | D:2      | Reached XP level 6. HP: 44/49 MP: 6/6
  3111 | D:3      | Found a runed translucent door.
  3118 | D:3      | Noticed a11behringer's ghost (amateur TeAE)
  3119 | D:3      | You are sucked into a shaft and drop 1 floor!
  3183 | D:4      | Found a staircase to the Ecumenical Temple.
  3192 | Temple   | Entered the Ecumenical Temple
  4194 | D:3      | Found Digypygg's Antique Weapon Shop.
  4844 | D:3      | Killed a11behringer's ghost
  5473 | D:3      | Found Digypygg's Antique Weapon Shop.
  5729 | D:4      | Noticed Edmund
  5750 | D:4      | Killed Edmund
  5751 | D:4      | Reached XP level 7. HP: 14/55 MP: 7/7
  5949 | D:4      | Noticed Eustachio
  5973 | D:4      | Killed Eustachio
  5974 | D:4      | Reached skill level 5 in Fighting
  6854 | D:5      | Found an opulent altar of Gozag.
  6863 | D:5      | Became a worshipper of Gozag Ym Sagoz the Greedy
  6889 | D:5      | Found Esedul's General Store.
  6954 | D:5      | Bought a scroll of identify for 28 gold pieces
  7164 | D:5      | Reached XP level 8. HP: 56/63 MP: 8/8
  7692 | D:5      | Reached skill level 1 in Throwing
  8000 | D:6      | Reached skill level 5 in Axes
  8154 | D:6      | Reached skill level 6 in Fighting
  8154 | D:6      | Reached skill level 5 in Dodging
  8429 | D:3      | Bought a faintly glowing spear for 240 gold pieces
  8429 | D:3      | Identified the +7 spear "Leph" {freeze, *Noise rElec Str+3}
                  | (You bought it in a shop on level 3 of the Dungeon)
  8904 | D:6      | Reached skill level 5 in Armour
  8946 | D:6      | Gained mutation: You regenerate a lot of health from kills.
                  | [demonic ancestry]
  8946 | D:6      | Reached XP level 9. HP: 65/71 MP: 9/9
  9671 | D:5      | Bought a +2 cloak of poison resistance for 259 gold pieces
  9741 | D:5      | Reached skill level 1 in Crossbows
 10101 | D:7      | Reached skill level 7 in Fighting
 10318 | D:7      | Noticed a cyan ugly thing
 11140 | D:8      | Gained mutation: You have a small tail. [demonic ancestry]
 11140 | D:8      | Reached XP level 10. HP: 79/79 MP: 10/10
 12513 | D:7      | Killed a cyan ugly thing
 13564 | D:9      | Reached skill level 8 in Fighting
 13598 | D:9      | Noticed an obsidian statue
 13628 | D:9      | Found a staircase to the Lair.
 14026 | D:9      | Reached XP level 11. HP: 66/87 MP: 11/11
 14061 | D:9      | Noticed a centaur warrior
 14075 | D:9      | Killed a centaur warrior
 14497 | D:9      | Reached skill level 5 in Crossbows
 14736 | D:9      | Identified the +2 shortbow of the Puffball {freeze, +Blink
                  | rF++ Will+ Stlth-}
 14750 | D:9      | Noticed a soul eater
 14767 | D:9      | HP: 1/83 [soul eater/drain life[an obsidian statue] (14)]
 14771 | D:9      | Slain by a soul eater

Illustrated notes

Levels and vault maps discovered:
D:1:      amcnicky_arrival_feature_with_door, layout_basic,
          hellmonk_ecumenical_altar_heavens_door
D:2:      layout_rooms, st_stairs_12, uniq_sigmund
D:3:      layout_basic, ebering_ghost_sewer_d, serial_shops,
          nicolae_shop_crystal, ebering_dispersal_statue_hall,
          minmay_misc_feat_four_crosses, uniq_robin, uniq_jessica
D:4:      layout_loops_ring, lemuel_temple_firewalk_b,
          nicolae_ossuary_entry_giza, uniq_edmund, uniq_eustachio
D:5:      layout_rooms, nicolae_gozag_seed_capital, serial_shops,
          shop_fountains, cheibrodos_sewer_entry_sluice, grunt_ministairs_4,
          lightli_corner_chamber
D:6:      cheibrodos_fertilizer, layout_loops_ring, serial_bayou_pond_c,
          minmay_misc_feat_room, kennysheep_small_spiral
D:7:      layout_loops_ring, kennysheep_generic_room_16
D:8:      layout_basic, minmay_misc_feat_plants
D:9:      layout_loops_ring, minmay_lair_entry_grove, minivault_15,
          roderic_roman_lattice, minmay_misc_feat_diagonals, minivault_7
Temple:   nicolae_temple_the_god_donut

Skill      XL: |  1  2  3  4  5  6  7  8  9 10 11 |
---------------+----------------------------------+-----
Axes           | 2 3 4 5 6 7 |  7.6
Dodging        | 2 3 4 5 6 7 |  7.6
Armour         | 1 2 3 4 5 7 |  7.3
Fighting       | 4 5 6 7 8 |  8.7
Throwing       | 2 4 |  4.0
Crossbows      | 2 4 5 |  5.0
Stealth        | |  4.5

Action                   |  1- 3 |  4- 6 |  7- 9 | 10-12 || total
-------------------------+-------+-------+-------+-------++-------
Melee: Hand axe          |    38 |       |       |       ||    38
       Dagger            |     2 |   291 |   271 |       ||   564
       Spear             |       |       |   236 |   417 ||   653
       Tailslap          |       |       |       |    56 ||    56
 Fire: Hand crossbow     |       |       |    12 |    18 ||    30
Throw: Boomerang         |    12 |       |       |       ||    12
       Dart              |     4 |     5 |    28 |    11 ||    48
Evoke: Wand              |       |       |       |     1 ||     1
  Use: Potion            |     1 |     2 |       |     5 ||     8
       Scroll            |       |     2 |     9 |     2 ||    13
 Stab: Sleeping          |     2 |    11 |     7 |     1 ||    21
       Distracted        |       |     2 |     2 |     8 ||    12
Armor: Leather armour    |     9 |    10 |       |       ||    19
       Ring mail         |       |    99 |   187 |    59 ||   345
       Chain mail        |       |       |       |   178 ||   178
Dodge: Dodged            |    27 |   137 |   215 |   257 ||   636
Block: Other             |       |    46 |    66 |    66 ||   178

Table legend: (Time is in decaauts)
 A = Elapsed time spent in this place.
 B = Non-inter-level travel time spent in this place.
 C = Inter-level travel time spent in this place.
 D = Time resting spent in this place.
 E = Time spent auto-exploring this place.
 F = Levels seen in this place.
 G = Mean time per level.
                   A        B        C        D        E       F      G
               +--------+--------+--------+--------+--------+-----+--------+
         Total |  14811 |  13533 |   1278 |    935 |   9634 |  11 | 1346.5 |
       Dungeon |  12960 |  11721 |   1239 |    588 |   8412 |   9 | 1440.0 |
        Temple |    702 |    664 |     38 |      0 |    649 |   1 |  702.0 |
         Sewer |   1148 |   1148 |      0 |    347 |    573 |   1 | 1148.0 |
               +--------+--------+--------+--------+--------+-----+--------+

Top non-repeatable levels by time:
     D:3: 2275 daAuts
     D:6: 2142 daAuts
     D:7: 1758 daAuts
     D:5: 1699 daAuts
     D:4: 1625 daAuts
     D:9: 1220 daAuts
   Sewer: 1148 daAuts
     D:1: 897 daAuts
     D:8: 861 daAuts
  Temple: 702 daAuts
     D:2: 479 daAuts
